 Dungeon Crawl Stone Soup version 0.31-a0-596-g831eee08f1 (webtiles) character file.

Game seed: 1590830019925893598

261 gruber the Summoner (level 6, -3/32 HPs)
             Began as a Tengu Summoner on Aug 20, 2023.
             Slain by a gnoll
             ... wielding a +0 spear
             ... led by a gnoll bouda
              (7 damage)
             ... on level 3 of the Dungeon.
             The game lasted 00:03:14 (2422 turns).

gruber the Summoner (Tengu Summoner)                Turns: 2422, Time: 00:03:15

Health: -3/32      AC:  4    Str:  8    XL:     6   Next: 18%
Magic:  14/19      EV: 14    Int: 18    God:
Gold:   95         SH:  0    Dex: 14    Spells: 3/9 levels left

rFire   . . .        f - +0 trident
rCold   . . .        (no shield)
rNeg    . . .        a - +0 robe
rPois   .            (helmet restricted)
rElec   .            m - +1 cloak
rCorr   .            (no gloves)
SInv    .            (boots unavailable)
Will    .....        (no amulet)
Stlth   +            g - ring of magical power
HPRegen 0.25/turn    (no ring)
MPRegen 0.16/turn

%: no passive effects
@: confused, lethally poisoned (-3 -> -11), ambrosia-drunk, flying quickly and
evasively, quick
A: beak, talons 3, nimble flight
a: no special abilities


You were on level 3 of the Dungeon.
You visited 1 branch of the dungeon, and saw 4 of its levels.

You collected 95 gold pieces.

Inventory:

Hand Weapons
 c - a +0 spear
 e - a +1 dagger of venom
 f - a +0 trident (weapon)
Missiles
 s - 5 poisoned darts
Armour
 a - a +0 robe (worn)
 m - a +1 cloak (worn)
 n - a +0 buckler
Jewellery
 g - a ring of magical power (left hand)
Wands
 w - a wand of charming (8)
Scrolls
 h - 2 scrolls of identify {unknown}
 j - 2 scrolls of teleportation {unknown}
 k - a scroll of poison {unknown}
 l - a scroll of torment {unknown}
 o - 3 scrolls of silence {unknown}
 p - a scroll of enchant weapon {unknown}
 q - a scroll of enchant armour {unknown}
 r - a scroll of fear {unknown}
 t - a scroll of vulnerability {unknown}
 v - a scroll of amnesia {unknown}
Potions
 b - 3 potions of magic
 d - a potion of lignification {unknown}
 i - a potion of ambrosia
 u - a potion of curing {unknown}


   Skills:
 - Level 2.1 Dodging
 - Level 2.0 Stealth
 - Level 2.0 Spellcasting
 + Level 8.7 Summonings


You had 3 spell levels left.
You knew the following spells:

 Your Spells              Type           Power      Damage    Failure   Level
a - Summon Small Mammal   Summ           100%       N/A       1%          1
b - Call Imp              Summ           66%        N/A       1%          2
c - Call Canine Familiar  Summ           33%        N/A       1%          3

Your spell library contained the following spells:

 Spells                   Type           Power      Damage    Failure   Level
 Summon Guardian Golem    Hex/Summ       17%        N/A       9%          3
 Dazzling Flash           Conj/Hex       2%         N/A       47%         3
 Ignite Poison            Fire/Tmut/Pois 1%         N/A       47%         3
 Summon Lightning Spire   Summ/Air       17%        N/A       30%         4
 Sticky Flame             Conj/Fire      1%         2d3       87%         4
 Agony                    Necr           1%         N/A       99%         5
 Silence                  Hex/Air        0%         N/A       99%         5
 Ignition                 Fire           0%         3d3       100%        8


Dungeon Overview and Level Annotations

Branches:
Dungeon (4/15)
 Temple: D:4-7

Altars:
Hepliaklqana


Innate Abilities, Weirdness & Mutations

You have a beak for a mouth.
You have claws for feet.
Your magical nature lets you fly swiftly and evasively.


Message History

Unknown command.
Reach: f) +0 trident
Press: ? - help, Dir - move target, f/p - water moccasin
Aim: a water moccasin (almost dead, not watching you, ally target, about 65% to evade your +0 trident)
You barely miss the water moccasin. Your kick misses the water moccasin.
The water moccasin is almost dead.
Your hound bites the water moccasin but does no damage.
Your bat completely misses the water moccasin.
The water moccasin bites you.
* * * LOW HITPOINT WARNING * * *
You are lethally poisoned!
The water moccasin poisons you!
Your hound bites the water moccasin.
The water moccasin dies!
The gnoll hits you but does no damage.
Your cerulean imp hits the gnoll with a -1 spear.
Your Summonings skill increases to level 8!
You have reached level 6!
Reach: f) +0 trident
Press: ? - help, Dir - move target, f - gnoll
Aim: a gnoll, wielding a +0 spear (lightly wounded, ally target, about 40% to evade your +0 trident)
You reach to attack!
You closely miss the gnoll.
The gnoll is lightly wounded.
* * * LOW HITPOINT WARNING * * *
You feel very sick.
Your quokka bites the gnoll.
Your cerulean imp hits the gnoll with a -1 spear.
The gnoll hits you from afar with a +0 spear.
* * * LOW HITPOINT WARNING * * *
Your quokka barely misses the gnoll.
Your cerulean imp hits the gnoll with a -1 spear.
The gnoll completely misses you.
Unknown command.
It was a potion of ambrosia.
You are confused.
You feel invigorated.
* * * LOW HITPOINT WARNING * * *
You feel sick.
Your quokka barely misses the gnoll.
Your hound barely misses the gnoll.
Your bat barely misses the gnoll.
The gnoll hits you from afar with a +0 spear!
You die...

#.##~...~~..~..~~~#
#.###.......~..~.##
#.# #........~~..##
#.###............#.
#.##...............
#..##..............
##.#######.####.###
##.....#.....##....
##.@.........).#####
#hb.............##..
#gr.....(.......##.#
#.5................#
#...............####
#........).<....#
##.............##
##.....#.....##
##.##########


You could see a gnoll (ally target), a friendly hound (summoned), a friendly
cerulean imp (summoned), a friendly quokka (summoned) and a friendly bat
(summoned).

Vanquished Creatures
  Jessica (D:3)
  2 adders
  A gnoll (D:1)
  4 orcs
  2 endoplasms
  5 goblins
  2 quokkas (D:1)
  2 ball pythons
  3 bats (D:1)
  A frilled lizard (D:1)
  4 kobolds
  7 rats
34 creatures vanquished.

Vanquished Creatures (collateral kills)
  A water moccasin (D:3)
  An orc priest (D:3)
  An adder (D:2)
  A worm (D:3)
  A dart slug (D:1)
  2 orcs (D:3)
  A bat (D:1)
  An endoplasm (D:1)
  2 giant cockroaches
  2 goblins
  3 hobgoblins (D:1)
  6 kobolds
  A quokka (D:3)
  2 ball pythons (D:2)
  A frilled lizard (D:1)
26 creatures vanquished.

Grand Total: 60 creatures vanquished

Notes
Turn   | Place    | Note
-------+----------+-------------------------------------------
     0 | D:1      | gruber the Tengu Summoner began the quest for the Orb.
     0 | D:1      | Reached XP level 1. HP: 10/10 MP: 4/4
   103 | D:1      | Reached skill level 5 in Summonings
   134 | D:1      | Reached XP level 2. HP: 12/15 MP: 4/6
   279 | D:1      | Reached XP level 3. HP: 4/19 MP: 5/7
   470 | D:1      | Reached skill level 6 in Summonings
   807 | D:1      | Noticed a golden eye
   811 | D:1      | Found a faded altar of an unknown god.
   821 | D:1      | Noticed a great orb of eyes
   831 | D:1      | Noticed an eye of devastation
   831 | D:1      | Noticed a great orb of eyes
  1111 | D:2      | Reached XP level 4. HP: 19/24 MP: 8/8
  1114 | D:2      | Learned a level 2 spell: Call Imp
  1118 | D:2      | Learned a level 3 spell: Call Canine Familiar
  1789 | D:3      | Reached skill level 7 in Summonings
  1865 | D:3      | Gained mutation: Your magical nature lets you fly swiftly
                  | and evasively. [Tengu growth]
  1865 | D:3      | Reached XP level 5. HP: 24/28 MP: 9/9
  2210 | D:3      | Found a faded altar of an unknown god.
  2210 | D:3      | Noticed Jessica
  2227 | D:3      | Found a hazy altar of Hepliaklqana.
  2230 | D:3      | Killed Jessica
  2409 | D:4      | Noticed a water moccasin
  2420 | D:3      | Killed a water moccasin
  2421 | D:3      | Reached skill level 8 in Summonings
  2421 | D:3      | Reached XP level 6. HP: 9/32 MP: 9/10
  2422 | D:3      | Slain by a gnoll

Illustrated notes

Levels and vault maps discovered:
D:1:      nagdon_arrival_zigzag_paths, layout_basic,
          hellmonk_ecumenical_altar_watching_god, minmay_tromino_v4_b
D:2:      layout_loops_cross, serial_park_tiny_1
D:3:      cheibrodos_helix_gallery, layout_rooms,
          beargit_hepliaklqana_dungeon_heroes
D:4:      layout_gridville, grunt_ministairs_7, minmay_quadrilaterals

Skill      XL: |  1  2  3  4  5 |
---------------+----------------+-----
Summonings     | 5 6 7 8 |  8.7
Dodging        | |  2.1
Stealth        | |  2.0
Spellcasting   | |  2.0

Action                     |  1- 3 |  4- 6 || total
---------------------------+-------+-------++-------
  Melee: Unarmed           |     4 |       ||     4
         Peck              |     5 |     8 ||    13
         Spear             |    18 |       ||    18
         Kick              |     8 |     3 ||    11
         Trident           |    37 |    51 ||    88
         Punch             |     1 |     1 ||     2
   Cast: Summon Small Mamm |    31 |    24 ||    55
         Call Imp          |       |     5 ||     5
         Call Canine Famil |       |     5 ||     5
    Use: Potion            |       |     1 ||     1
   Stab: Sleeping          |     2 |     1 ||     3
         Distracted        |     1 |       ||     1
 Armour: Robe              |    14 |    11 ||    25
  Dodge: Dodged            |    40 |    41 ||    81

Table legend: (Time is in decaauts)
 A = Elapsed time spent in this place.
 B = Non-inter-level travel time spent in this place.
 C = Inter-level travel time spent in this place.
 D = Time resting spent in this place.
 E = Time spent auto-exploring this place.
 F = Levels seen in this place.
 G = Mean time per level.
                   A        B        C        D        E       F      G
               +--------+--------+--------+--------+--------+-----+--------+
         Total |   2409 |   2368 |     41 |     19 |   1870 |   4 |  602.2 |
       Dungeon |   2409 |   2368 |     41 |     19 |   1870 |   4 |  602.2 |
               +--------+--------+--------+--------+--------+-----+--------+

Top non-repeatable levels by time:
     D:1: 924 daAuts
     D:2: 846 daAuts
     D:3: 636 daAuts
     D:4: 1 daAuts
